 Dungeon Crawl Stone Soup version 0.27-a0-686-gaed091b46b (webtiles) character file.

Game seed: 3136340523120548054

2908 night the Grappler (level 9, -5/63 HPs)
             Began as a Demigod Transmuter on Mar 20, 2021.
             Slain by Erica
             ... wielding a +2 scimitar of flaming
              (7 damage)
             ... on level 8 of the Dungeon on Mar 21, 2021.
             The game lasted 00:20:33 (10957 turns).

night the Grappler (Demigod Transmuter)            Turns: 10957, Time: 00:20:34

Health: -5/63      AC:  2    Str: 19    XL:     9   Next: 25%
Magic:  17/17      EV: 19    Int: 19    God:
Gold:   356        SH:  0    Dex: 19    Spells: 4/15 levels left

rFire    + . .     SeeInvis .     - Unarmed
rCold    . . .     Faith    .   (shield currently unavailable)
rNeg     + . .     Spirit   .   (armour currently unavailable)
rPois    x         Reflect  .   (helmet currently unavailable)
rElec    .         Harm     .   (cloak currently unavailable)
rCorr    .         Rampage  .   (gloves currently unavailable)
Will     .....                  (boots currently unavailable)
Stlth    ++........             e - amulet of magic regeneration
HPRegen  0.20/turn              s - ring of protection from fire
MPRegen  0.40/turn              j - ring of positive energy

@: spider-form
A: venomous fangs, tiny, high mp 1, forlorn
a: End Transformation


You were on level 8 of the Dungeon.
You were a venomous arachnid creature.
You visited 1 branch of the dungeon, and saw 8 of its levels.

You collected 401 gold pieces.
You spent 45 gold pieces at shops.

Inventory:

Missiles
 g - 291 stones (quivered)
 h - 28 sling bullets
 i - 110 arrows
 r - 42 poisoned darts
 v - 13 boomerangs
 D - a throwing net
Armour
 f - a +0 ring mail
 l - a +1 helmet (melded)
 o - a +0 buckler (melded)
 u - the +1 scale mail "Jemmihal" (melded) {Rampage rC- Regen+ SInv}
   (You found it on level 4 of the Dungeon)

   It makes you vulnerable to cold.
   It lets you see invisible.
   It increases your rate of regeneration.
   It bestows one free step when moving towards enemies.
 w - a +2 pair of gloves (melded)
 x - a +0 leather armour of cold resistance
Jewellery
 e - an amulet of magic regeneration (around neck)
 j - a ring of positive energy (left front leg)
 s - a ring of protection from fire (right front leg)
 y - a ring of protection from fire
Wands
 n - a wand of digging (5)
 t - a wand of mindburst (24)
 F - a wand of flame (12)
Scrolls
 b - a scroll of enchant armour
 d - 2 scrolls of summoning
 p - a scroll of fear
 C - a scroll of identify
 G - a scroll of teleportation
Potions
 a - a potion of mutation
 c - 4 potions of heal wounds
 k - 2 potions of resistance
 m - 3 potions of curing
 q - a potion of berserk rage {unknown}
 z - a potion of might
 A - a potion of magic {unknown}
 B - 2 potions of degeneration {unknown}
 E - a potion of haste


   Skills:
 - Level 0.8 Fighting
 - Level 1.7 Dodging
 - Level 4.0 Shields
 + Level 8.1 Unarmed Combat
 - Level 3.6 Spellcasting
 + Level 7.8 Transmutations


You had 4 spell levels left.
You knew the following spells:

 Your Spells              Type           Power      Damage    Failure   Level
a - Beastly Appendage     Tmut           66%        N/A       3%          1
b - Wereblood             Tmut           33%        N/A       4%          2
c - Spider Form           Tmut/Pois      9%         N/A       22%         3
d - Blade Hands           Tmut           16%        N/A       34%         5

Your spell library contained the following spells:

 Spells                   Type           Power      Damage    Failure   Level
 Animate Skeleton         Necr           6%         N/A       32%         1
 Apportation              Tloc           6%         N/A       32%         1
 Corona                   Hex            3%         N/A       32%         1
 Freeze                   Ice            12%        1d4       32%         1
 Magic Dart               Conj           12%        1d3       32%         1
 Sandblast                Erth           6%         2d5       32%         1
 Summon Small Mammal      Summ           12%        N/A       32%         1
 Ice Form                 Ice/Tmut       18%        N/A       50%         4


Dungeon Overview and Level Annotations

Branches:
Dungeon (8/15)             Temple (0/1) D:7
   Lair: D:8-11

Shops:
D:3 [

Annotations:
D:8 Erica


Innate Abilities, Weirdness & Mutations

You are a venomous arachnid creature.
You have poisonous fangs.
You are tiny and dextrous.
Your spellcasting is less reliable in this form.
Your armour is entirely melded.
You are incapable of wielding weapons or throwing items.
Your attributes grow dramatically as you level up.
You have an increased reservoir of magic. (+10% MP)
You shall have no god before yourself.


Message History

The wolf is heavily wounded.
The wolf bites you but does no damage.
You hit the wolf.
The wolf is severely wounded.
The wolf bites you but does no damage. You block the wolf's attack.
Casting: Beastly Appendage (safe; 1% risk of failure)
Confirm with . or Enter, or press ? or * to list all spells.
You turn into a venomous arachnid creature.
Your +1 helmet melds into your body.
Your +2 pair of gloves melds into your body.
Your +0 buckler melds into your body.
The +1 scale mail "Jemmihal" {Rampage rC- Regen+ SInv} melds into your body.
The wolf closely misses you. The wolf bites you.
You closely miss the wolf.
The wolf is severely wounded.
Erica gestures at herself while chanting.
Erica flickers and vanishes!
Deactivating autopickup; reactivate with Ctrl-A.
The wolf completely misses you.
You closely miss the wolf.
The wolf is severely wounded.
The wolf bites you. The wolf bites you! The wolf completely misses you.
There is an open door here.
The wolf misses you.
You bite the wolf!
You kill the wolf!
You bite something! Something hits you! Something burns you.
You closely miss something. The wolf bites you!
* * * LOW HITPOINT WARNING * * *
The wolf misses you.
You closely miss the wolf. Something hits you.
* * * LOW HITPOINT WARNING * * *
The wolf misses you.
You hit the wolf.
The wolf is poisoned.
The wolf is lightly wounded.
The wolf bites you.
* * * LOW HITPOINT WARNING * * *
Something hits you!
You die...

#.....#..#..........#
#.....#..#..........#
#.....#..#..........#
#.....#..##'####....#
#.....+........#....#
#.....#........#....#
#.....#........#....#
#.....#>.##{####....#
#.....#..##s...# ...
#.....#..#.h...#
#.....#..#.....+
#.....#..##....#
#.....#+###....#......
#.....# #.....#.....
#.....# #.....#....#
#.....# ##....#....+
#.....#####....#....#


You could see a wolf (very poisoned).

Vanquished Creatures
  A hornet (D:7)
  Grinder (D:5)
  Sigmund (D:3)
  Eustachio (D:5)
  Grum (D:8)
  The ghost of stringoo the Sneak, an amateur OpBr of Gozag (D:4)
  A sky beast (D:6)
  An ice beast (D:6)
  A black bear (D:7)
  3 ogres
  2 wolves (D:8)
  A kobold brigand (D:7)
  A bullfrog (D:8)
  A scorpion (D:4)
  A water moccasin zombie (D:4)
  A howler monkey (D:6)
  2 centaur zombies (D:4)
  A bullfrog zombie (D:6)
  3 hounds
  2 orc priests (D:5)
  2 centaur skeletons (D:7)
  3 orc wizards
  6 worker ants
  A hound zombie (D:4)
  Robin (D:3)
  A howler monkey zombie (D:6)
  2 worker ant zombies
  9 gnolls
  15 adders
  A shadow imp (D:6)
  3 white imps
  An ufetubus (D:7)
  3 oozes
  An adder skeleton (D:7)
  2 worms (D:2)
  A dart slug (D:3)
  6 leopard geckos
  18 orcs
  5 ball pythons
  5 giant cockroaches
  16 goblins
  16 hobgoblins
  7 jackals (D:1)
  13 kobolds
  6 quokkas
  A ball python skeleton (D:4)
  4 bats (D:3)
  6 frilled lizards
  A quokka zombie (D:7)
  5 rats
188 creatures vanquished.

Vanquished Creatures (collateral kills)
  A gnoll (D:3)
  A giant cockroach (D:3)
2 creatures vanquished.

Grand Total: 190 creatures vanquished

Notes
Turn   | Place    | Note
-------+----------+-------------------------------------------
     0 | D:1      | night the Demigod Transmuter began the quest for the Orb.
     0 | D:1      | Reached XP level 1. HP: 15/15 MP: 5/5
   257 | D:1      | Reached skill level 2 in Transmutations
   484 | D:1      | Reached skill level 3 in Unarmed Combat
   491 | D:1      | Reached XP level 2. HP: 15/22 MP: 7/7
  1122 | D:1      | Learned a level 2 spell: Wereblood
  1699 | D:2      | Reached XP level 3. HP: 25/27 MP: 5/8
  2183 | D:2      | Reached XP level 4. HP: 25/34 MP: 9/9
  3142 | D:3      | Reached skill level 4 in Unarmed Combat
  3361 | D:3      | Noticed Sigmund
  3367 | D:3      | Learned a level 3 spell: Spider Form
  3407 | D:3      | Killed Sigmund
  3408 | D:3      | Reached XP level 5. HP: 21/39 MP: 10/10
  3826 | D:3      | Reached XP level 6. HP: 46/46 MP: 11/11
  3829 | D:3      | Found Jammask's Armour Shop.
  3837 | D:3      | Bought a +0 buckler for 45 gold pieces
  4045 | D:3      | Noticed Robin
  4057 | D:3      | Killed Robin
  4389 | D:3      | Reached skill level 5 in Unarmed Combat
  4564 | D:4      | Reached skill level 2 in Spellcasting
  4702 | D:4      | Identified the +1 scale mail "Jemmihal" {Rampage rC- Regen+
                  | SInv}
  4857 | D:4      | Found a runed translucent door.
  4860 | D:4      | Noticed stringoo's ghost (amateur OpBr)
  4991 | D:4      | Reached skill level 1 in Shields
  5197 | D:4      | Reached XP level 7. HP: 49/51 MP: 13/13
  5299 | D:4      | Killed stringoo's ghost
  5300 | D:4      | Reached skill level 2 in Shields
  5300 | D:4      | Reached skill level 5 in Transmutations
  5343 | D:5      | Entered Level 5 of the Dungeon
  5566 | D:5      | Noticed Eustachio
  5586 | D:5      | Killed Eustachio
  5685 | D:5      | HP: 6/51 [worker ant (5)]
  6000 | D:5      | Learned a level 5 spell: Blade Hands
  6270 | D:5      | Noticed Grinder
  6275 | D:5      | Paralysed by Grinder for 3 turns
  6287 | D:5      | Killed Grinder
  6288 | D:5      | Reached skill level 6 in Unarmed Combat
  6288 | D:5      | Reached XP level 8. HP: 10/58 MP: 16/16
  6669 | D:5      | Got Sif Muna's Disquisition on Confrontation
  6671 | D:5      | Got Sif Muna's Compendium of Snow
  6673 | D:5      | Got Sif Muna's Incunabulum of Earth
  8356 | D:7      | Reached skill level 7 in Unarmed Combat
  8706 | D:7      | Noticed a hornet
  8706 | D:7      | Noticed an angel
  8710 | D:7      | Paralysed by a hornet for 3 turns
  8714 | D:7      | Killed a hornet
  8739 | D:7      | HP: 8/58 [poisoned by a hornet]
  9517 | D:7      | Reached XP level 9. HP: 36/63 MP: 17/17
  9779 | D:7      | Found a staircase to the Ecumenical Temple.
 10374 | D:8      | Noticed Grum
 10385 | D:8      | HP: 8/63 [wolf[Grum] (8)]
 10400 | D:8      | Killed Grum
 10676 | D:8      | Reached skill level 8 in Unarmed Combat
 10943 | D:8      | Noticed Erica
 10955 | D:8      | HP: 8/63 [wolf[Grum] (12)]
 10957 | D:8      | HP: 2/63 [wolf[Grum] (4)]
 10957 | D:8      | Slain by Erica

Illustrated notes

Levels and vault maps discovered:
D:1:      lightli_arrival_statuegarden, layout_loops_cross,
          supply_closet_lemuel, minmay_split_cup_large
D:2:      minmay_diamond_boxcup, layout_basic, tso_oasis_becter
D:3:      layout_basic, kennysheep_slug_shrine, serial_shops,
          nicolae_shop_competitors_out_of_business, grunt_ministairs_13,
          uniq_sigmund, uniq_robin
D:4:      layout_basic, nicolae_yredelemnul_corpse_copse,
          nicolae_overflow_hidden_temple, ebering_ghost_sewer_d
D:5:      layout_gridville, nicolae_sif_muna_little_library, uniq_grinder,
          uniq_eustachio
D:6:      layout_cave_pools, nicolae_ru_sacrificial_ziggurat
D:7:      layout_gridville, grunt_temple_overflow_order_and_chaos_1,
          minmay_temple_entry_ruins, minmay_quadrilaterals
D:8:      layout_gridville, uniq_erica, uniq_grum

Skill      XL: |  1  2  3  4  5  6  7  8  9 |
---------------+----------------------------+-----
Transmutations | 2 3 4 5 7 |  7.8
Unarmed Combat | 3 4 5 6 7 8 |  8.1
Spellcasting   | 2 3 |  3.6
Shields        | 1 3 4 |  4.0
Fighting       | |  0.8
Dodging        | |  1.7

Action                   |  1- 3 |  4- 6 |  7- 9 || total
-------------------------+-------+-------+-------++-------
Melee: Unarmed           |   172 |   187 |   408 ||   767
       Headbutt          |    13 |    10 |    20 ||    43
       Kick              |    24 |    21 |    42 ||    87
       Punch             |       |     1 |     1 ||     2
Throw: Dart              |       |     3 |    10 ||    13
       Stone             |       |       |     2 ||     2
 Cast: Beastly Appendage |    16 |    18 |    17 ||    51
       Spider Form       |       |     1 |     4 ||     5
       Wereblood         |       |     2 |     1 ||     3
       Blade Hands       |       |       |     2 ||     2
Evoke: Wand              |       |       |     6 ||     6
  Use: Scroll            |       |     4 |     6 ||    10
       Potion            |       |       |     6 ||     6
 Stab: Invisible         |       |       |     5 ||     5
Armor: Ring mail         |    46 |    59 |       ||   105
       Robe              |     1 |       |       ||     1
       Scale mail        |       |    29 |    30 ||    59
       Leather armour    |       |       |    80 ||    80
       Skin              |       |       |     1 ||     1
Dodge: Dodged            |    89 |    95 |   187 ||   371
Block: Buckler           |       |    16 |    68 ||    84

Table legend: (Time is in decaauts)
 A = Elapsed time spent in this place.
 B = Non-inter-level travel time spent in this place.
 C = Inter-level travel time spent in this place.
 D = Time resting spent in this place.
 E = Time spent auto-exploring this place.
 F = Levels seen in this place.
 G = Mean time per level.
                   A        B        C        D        E       F      G
               +--------+--------+--------+--------+--------+-----+--------+
         Total |  10890 |  10614 |    276 |   2420 |   6502 |   8 | 1361.2 |
       Dungeon |  10890 |  10614 |    276 |   2420 |   6502 |   8 | 1361.2 |
               +--------+--------+--------+--------+--------+-----+--------+

Top non-repeatable levels by time:
     D:7: 2553 daAuts
     D:1: 1685 daAuts
     D:5: 1493 daAuts
     D:2: 1437 daAuts
     D:3: 1330 daAuts
     D:6: 1001 daAuts
     D:4: 861 daAuts
     D:8: 528 daAuts
